 Dungeon Crawl Stone Soup version 0.29-a0-961-gfab03dca74 (webtiles) character file.

Game seed: 6792634874122980544

1613 XxPooperXx the Cleaver (level 8, -2/109 HPs)
             Began as a Minotaur Berserker on July 30, 2022.
             Was a Priest of Trog.
             Slain by a cyclops (9 damage)
             ... on level 6 of the Dungeon.
             The game lasted 00:06:38 (5553 turns).

XxPooperXx the Cleaver (Minotaur Berserker)         Turns: 5553, Time: 00:06:39

Health: -2/109     AC: 12    Str: 25    XL:     8   Next: 64%
Magic:  7/7        EV:  8    Int:  4    God:    Trog [***...]
Gold:   287        SH:  8    Dex:  9    Spells: 7/7 levels left

rFire   . . .      SeeInvis .   a - +0 hand axe
rCold   . . .      Faith    .   s - +0 kite shield
rNeg    . . .      Spirit   .   w - +0 chain mail
rPois   .          Reflect  .   (helmet restricted)
rElec   .          Harm     .   B - +0 cloak
rCorr   .          Rampage  .   m - +0 pair of gloves
Will    .....                   v - +0 pair of boots
Stlth   ..........              i - amulet of the acrobat
HPRegen 0.28/turn               (no ring)
MPRegen 0.10/turn               (no ring)

@: berserking, very quick
A: horns 2, retaliatory headbutt
a: Renounce Religion, Berserk, Trog's Hand


You were on level 6 of the Dungeon.
You worshipped Trog.
Trog was most pleased with you.
You visited 1 branch of the dungeon, and saw 6 of its levels.

You collected 287 gold pieces.

Inventory:

Hand Weapons
 a - a +0 hand axe (weapon)
Armour
 m - a +0 pair of gloves (worn)
 s - a +0 kite shield (worn)
 v - a +0 pair of boots (worn)
 w - a +0 chain mail (worn)
 B - a +0 cloak (worn)
Jewellery
 i - an amulet of the acrobat (around neck)
 x - a ring of positive energy
Wands
 h - a wand of light (3)
 u - a wand of iceblast (7)
 C - a wand of charming (8)
Scrolls
 b - a scroll of teleportation
 d - a scroll of noise {unknown}
 e - 2 scrolls of poison {unknown}
 f - 4 scrolls of identify
 k - a scroll of fog {unknown}
 o - a scroll of vulnerability {unknown}
 p - a scroll of magic mapping
 q - a scroll of immolation {unknown}
 r - a scroll of blinking
 t - a scroll of amnesia
 y - 2 scrolls of fear
Potions
 c - 2 potions of flight
 g - 6 potions of curing {unknown}
 j - a potion of resistance {unknown}
 l - a potion of lignification {unknown}
 n - a potion of cancellation {unknown}
 z - a potion of invisibility
 A - a potion of heal wounds


   Skills:
 + Level 7.1 Fighting
 * Level 9.5 Axes
 - Level 2.4 Armour
 + Level 6.0 Dodging
 + Level 4.0 Shields


You had 7 spell levels left.
You didn't know any spells.
Your spell library was empty.

Dungeon Overview and Level Annotations

Branches:
Dungeon (6/15)             Temple (0/1) D:5

Altars:
Cheibriados
Fedhas
Wu Jian
The Shining One


Innate Abilities, Weirdness & Mutations

You have a pair of horns on your head.
You reflexively headbutt those who attack you in melee.


Message History

A cyclops is nearby!
Found a wand of iceblast (8).
You hit the cyclops.
The cyclops is lightly wounded.
You hit the cyclops but do no damage.
The cyclops is lightly wounded.
The cyclops hits you!
You completely miss the cyclops.
The cyclops is lightly wounded.
You block the cyclops's attack.
You hit the cyclops but do no damage.
The cyclops is lightly wounded.
You slash the cyclops!
The cyclops is lightly wounded.
The cyclops hits you!!
You hit the cyclops but do no damage.
The cyclops is lightly wounded.
The cyclops hits you!!
* * * LOW HITPOINT WARNING * * *
You slash the cyclops!
The cyclops is moderately wounded.
A two-headed ogre comes into view.
It is wielding a +0 giant spiked club and a +0 giant club.
You hit the cyclops but do no damage. You headbutt the cyclops!
The cyclops is heavily wounded.
The cyclops barely misses you.
Unknown command.
A red film seems to cover your vision as you go berserk!
You feel yourself moving faster!
You feel mighty! You block the cyclops's attack.
You hit the cyclops.
The cyclops is heavily wounded.
You slash the two-headed ogre!
The two-headed ogre hits you but does no damage.
The two-headed ogre hits you with a +0 giant club!
* * * LOW HITPOINT WARNING * * *
You slash the cyclops!
The cyclops is severely wounded.
You hit the two-headed ogre but do no damage.
The cyclops hits you!
You die...

....####...#
...#####...#
.####.....## .##
##.....#### ..#
#.........##
..####.........#
....#....#.########
.........#..#.#.#O##
>....#.[.#.###.#@C.#
.........#..#.####.#
.........#.###.# #
.....<)..#..#.##
.........#.#.##
.........#.###
.........#..
.....)...##.
..........##


You could see a two-headed ogre and a cyclops.

Vanquished Creatures
  Grinder (D:5)
  Menkaure (D:4)
  Duvessa (D:5)
  2 sky beasts
  An ogre (D:6)
  3 necrophages
  2 scorpions (D:6)
  Dowan (D:5)
  A howler monkey (D:6)
  3 jellies
  A gnoll bouda (D:4)
  Crazy Yiuf (D:5)
  Jessica (D:2)
  2 iguanas
  2 orc wizards (D:6)
  3 gnolls (D:4)
  13 adders
  6 white imps
  2 ufetubi
  4 worms
  3 dart slugs
  8 orcs
  6 ball pythons
  4 endoplasms
  6 goblins
  3 hobgoblins (D:2)
  6 jackals
  7 kobolds
  4 quokkas
  4 bats
  A rat (D:3)
103 creatures vanquished.

Vanquished Creatures (others)
  2 fungi (D:5)
  2 plants (D:2)
4 creatures vanquished.

Grand Total: 107 creatures vanquished

Notes
Turn   | Place    | Note
-------+----------+-------------------------------------------
     0 | D:1      | XxPooperXx the Minotaur Berserker began the quest for the
                  | Orb.
     0 | D:1      | Reached XP level 1. HP: 19/19 MP: 0/0
   130 | D:1      | Reached skill level 4 in Axes
   131 | D:1      | Reached XP level 2. HP: 18/27 MP: 1/1
  1210 | D:2      | Reached XP level 3. HP: 33/33 MP: 2/2
  1257 | D:2      | Noticed Jessica
  1264 | D:2      | Reached ** piety under Trog
  1271 | D:2      | Killed Jessica
  1272 | D:2      | Reached skill level 5 in Axes
  1272 | D:2      | Reached XP level 4. HP: 41/41 MP: 3/3
  1854 | D:2      | Reached XP level 5. HP: 36/47 MP: 4/4
  2482 | D:3      | Found an ornate altar of the Wu Jian Council.
  2482 | D:3      | Found a blossoming altar of Fedhas.
  2482 | D:3      | Found a glowing golden altar of the Shining One.
  2788 | D:4      | Noticed a sky beast
  2793 | D:4      | Killed a sky beast
  2794 | D:4      | Reached skill level 5 in Fighting
  2794 | D:4      | Reached skill level 6 in Axes
  2794 | D:4      | Reached XP level 6. HP: 56/56 MP: 5/5
  2859 | D:4      | Found a snail-covered altar of Cheibriados.
  2897 | D:4      | Noticed Menkaure
  2909 | D:4      | Killed Menkaure
  2910 | D:4      | Reached skill level 7 in Axes
  3286 | D:4      | Reached XP level 7. HP: 56/62 MP: 6/6
  3528 | D:5      | Entered Level 5 of the Dungeon
  3663 | D:5      | Noticed Grinder
  3665 | D:5      | Paralysed by Grinder for 4 turns
  3682 | D:5      | Killed Grinder
  3683 | D:5      | Reached skill level 1 in Shields
  3830 | D:5      | Reached skill level 8 in Axes
  3830 | D:5      | Reached skill level 5 in Dodging
  3902 | D:5      | Identified the +6 rapier of the Bruised Loafs {vorpal, Fly
                  | rC- Will++}
  4044 | D:5      | You fall into a shaft and drop 1 floor!
  4065 | D:6      | Reached *** piety under Trog
  4085 | D:5      | Reached XP level 8. HP: 61/71 MP: 7/7
  4186 | D:5      | Noticed Dowan
  4187 | D:5      | Noticed Duvessa
  4196 | D:5      | Killed Duvessa
  4199 | D:5      | Killed Dowan
  4504 | D:5      | Found a staircase to the Ecumenical Temple.
  4616 | D:5      | Found a runed translucent door.
  4617 | D:5      | Noticed Crazy Yiuf
  4623 | D:5      | Killed Crazy Yiuf
  4841 | D:6      | Reached skill level 9 in Axes
  5541 | D:6      | Noticed a cyclops
  5549 | D:6      | Noticed a two-headed ogre
  5553 | D:6      | Slain by a cyclops

Illustrated notes

Levels and vault maps discovered:
D:1:      psy_arrival_terrarium, layout_loops_ring
D:2:      layout_basic, serial_bayou_pond_b, kennysheep_generic_room_4,
          uniq_jessica
D:3:      layout_loops_corners, gammafunk_temple_overflow_forgotten,
          minmay_splitting_lines, corexii_leaking_fountain
D:4:      layout_basic, mainiacjoe_overflow_brackets, uniq_menkaure
D:5:      nicolae_cairo_tiling_large_dashed, layout_basic, temple_green,
          dk_noncrumbling_4, grunt_decor_cap, kennysheep_generic_room_5,
          uniq_duvessa, uniq_crazy_yiuf_cottage, uniq_grinder
D:6:      layout_cave_pools, grunt_ministairs_1, minmay_small_thing

Skill      XL: |  1  2  3  4  5  6  7  8 |
---------------+-------------------------+-----
Axes           | 4 5 6 7 8 9 |  9.5
Fighting       | 4 5 6 7 |  7.1
Dodging        | 3 4 5 6 |  6.0
Shields        | 2 4 |  4.0
Armour         | |  2.4

Action                   |  1- 3 |  4- 6 |  7- 9 || total
-------------------------+-------+-------+-------++-------
Melee: Hand axe          |    61 |    92 |   174 ||   327
       Headbutt          |     6 |    14 |    31 ||    51
       Punch             |     1 |     1 |       ||     2
Invok: Berserk           |     1 |     2 |     3 ||     6
       Trog's Hand       |       |       |     1 ||     1
  Use: Scroll            |       |       |     7 ||     7
       Potion            |       |       |     2 ||     2
Armor: Animal skin       |     5 |       |       ||     5
       Ring mail         |     5 |    29 |       ||    34
       Chain mail        |       |       |    62 ||    62
Dodge: Dodged            |    44 |    66 |    60 ||   170
Block: Kite shield       |       |       |    59 ||    59

Table legend: (Time is in decaauts)
 A = Elapsed time spent in this place.
 B = Non-inter-level travel time spent in this place.
 C = Inter-level travel time spent in this place.
 D = Time resting spent in this place.
 E = Time spent auto-exploring this place.
 F = Levels seen in this place.
 G = Mean time per level.
                   A        B        C        D        E       F      G
               +--------+--------+--------+--------+--------+-----+--------+
         Total |   5612 |   5497 |    115 |    343 |   4257 |   6 |  935.3 |
       Dungeon |   5612 |   5497 |    115 |    343 |   4257 |   6 |  935.3 |
               +--------+--------+--------+--------+--------+-----+--------+

Top non-repeatable levels by time:
     D:5: 1263 daAuts
     D:1: 1204 daAuts
     D:2: 811 daAuts
     D:6: 787 daAuts
     D:3: 774 daAuts
     D:4: 772 daAuts
